 Dungeon Crawl Stone Soup version 0.29.1-12-g30fa7ad0bf (webtiles) character file.

Game seed: 12328359001964170138

680 KittyFluff the Covered (level 7, -4/44 HPs)
             Began as a Gargoyle Berserker on Jan 12, 2023.
             Was an Elder of Trog.
             Slain by an iguana (5 damage)
             ... on level 5 of the Dungeon.
             The game lasted 00:17:19 (4451 turns).

KittyFluff the Covered (Gargoyle Berserker)         Turns: 4451, Time: 00:17:20

Health: -4/44      AC:  9    Str: 21    XL:     7   Next: 60%
Magic:  7/7        EV: 12    Int:  7    God:    Trog [****..]
Gold:   183        SH:  0    Dex: 11    Spells: 6/6 levels left

rFire   . . .      SeeInvis .   x - +0 mace (holy)
rCold   . . .      Faith    .   (no shield)
rNeg    + . .      Spirit   .   c - +0 leather armour
rPois   ∞          Reflect  .   q - +0 helmet
rElec   +          Harm     .   (no cloak)
rCorr   .          Rampage  .   (no gloves)
Will    .....                   (no boots)
Stlth   +.........              (no amulet)
HPRegen 0.14/turn               (no ring)
MPRegen 0.10/turn               (no ring)

@: on berserk cooldown, slowed, very slow
A: sickness immunity, AC +4, negative energy resistance 1, electricity
resistance, torment resistance 1, petrification resistance
a: Renounce Religion, Berserk, Trog's Hand, Brothers in Arms


You were on level 5 of the Dungeon.
You worshipped Trog.
Trog was greatly pleased with you.
You visited 1 branch of the dungeon, and saw 5 of its levels.

You collected 183 gold pieces.

Inventory:

Hand Weapons
 a - a +0 mace
 k - a +0 sling
 x - a +0 mace of holy wrath (weapon)
Missiles
 e - 39 stones (quivered)
 m - 5 poisoned darts
 v - 4 boomerangs
Armour
 c - a +0 leather armour (worn)
 g - a +0 ring mail
 o - a +0 scale mail
 q - a +0 helmet (worn)
Scrolls
 d - a scroll of fear {unknown}
 h - 2 scrolls of noise {unknown}
 l - a scroll of brand weapon {unknown}
 n - 3 scrolls of teleportation {unknown}
 p - a scroll of magic mapping {unknown}
 t - a scroll of amnesia {unknown}
 w - a scroll of immolation {unknown}
 y - a scroll of enchant weapon {unknown}
Potions
 b - 5 potions of curing {unknown}
 i - a potion of might
 j - a potion of haste
 r - a potion of lignification
 s - 4 potions of flight {unknown}
 u - a potion of attraction


   Skills:
 + Level 4.8 Fighting
 * Level 5.4 Maces & Flails
 * Level 5.5 Armour
 + Level 3.1 Dodging


You had 6 spell levels left.
You didn't know any spells.
Your spell library was empty.

Dungeon Overview and Level Annotations

Branches:
Dungeon (5/15)             Temple (0/1) D:4

Altars:
Cheibriados

Shops:
D:1 (

Annotations:
D:5 mkat's ghost, novice BaGl


Innate Abilities, Weirdness & Mutations

You are immune to sickness and miasma.
Your stone body is resilient. (AC +4)
You are immune to poison.
You resist negative energy. (rN+)
You are resistant to electric shocks. (rElec)
You are resistant to unholy torment.
You are immune to petrification.


Message History

A jelly comes into view.
Found a stone staircase leading down.
You feel a strong urge to attack something.
The gnoll shouts!
The jelly quivers.
Items here: ))) ? †.
An iguana comes into view.
The iguana hisses angrily.
The gnoll closely misses you.
You sock the gnoll!
The gnoll is almost dead.
The gnoll hits you but does no damage.
You hit the gnoll.
You feel the power of Trog in you as your rage grows.
You kill the gnoll!
Trog accepts your kill.
Found a scroll labelled GUGAEN UTSUKH.
The iguana bites you!
* * * LOW HITPOINT WARNING * * *
You see here a +0 club.
You barely miss the iguana. The iguana misses you.
You hit the iguana.
The iguana is lightly wounded.
The iguana bites you but does no damage.
The jelly closely misses you.
You barely miss the iguana.
The iguana is lightly wounded.
A dart slug comes into view.
You hit the jelly.
Your hands burn!
* * * LOW HITPOINT WARNING * * *
The jelly is moderately wounded.
The iguana bites you!
* * * LOW HITPOINT WARNING * * *
The jelly closely misses you.
You are no longer berserk.
You are exhausted.
You feel yourself slow down.
You hit the iguana.
The iguana is heavily wounded.
The iguana barely misses you. The iguana bites you.
You die...

#.#.......#
#.#..####.####
......###....####
....#.<..###....##
....##.#.....##..###
....##.#####...# .#
....##..# ###.##
.### ..)...#:#
#))##...##
....#...##
##.@lJ...#
....###.<##
#####>..... .####
#...## ..... #
#....# .... ######
... .. ?


You could see an iguana and a jelly.

Vanquished Creatures
  An ogre (D:5)
  A centaur (D:5)
  2 phantoms (D:4)
  A necrophage (D:3)
  An orc priest (D:4)
  An iguana (D:3)
  Robin (D:3)
  4 gnolls (D:5)
  5 adders
  A worm (D:2)
  4 dart slugs
  17 orcs
  9 endoplasms
  2 giant cockroaches (D:1)
  18 goblins
  16 hobgoblins
  8 jackals
  5 quokkas
  5 ball pythons
  11 bats
  5 frilled lizards
  7 kobolds
  6 rats
131 creatures vanquished.

Notes
Turn   | Place    | Note
-------+----------+-------------------------------------------
     0 | D:1      | KittyFluff the Gargoyle Berserker began the quest for the
                  | Orb.
     0 | D:1      | Reached XP level 1. HP: 14/14 MP: 1/1
   191 | D:1      | Reached XP level 2. HP: 14/19 MP: 2/2
   455 | D:1      | Reached XP level 3. HP: 23/23 MP: 3/3
   564 | D:1      | Reached ** piety under Trog
   569 | D:1      | Found Lilusk's Weapon Shoppe.
  1437 | D:2      | Reached XP level 4. HP: 18/29 MP: 4/4
  2378 | D:3      | Reached *** piety under Trog
  2456 | D:3      | Reached XP level 5. HP: 33/33 MP: 5/5
  2462 | D:3      | Noticed Robin
  2495 | D:3      | Killed Robin
  3100 | D:3      | Reached XP level 6. HP: 31/38 MP: 6/6
  3519 | D:4      | Found a snail-covered altar of Cheibriados.
  3740 | D:4      | Reached **** piety under Trog
  3788 | D:4      | Reached skill level 5 in Maces & Flails
  3788 | D:4      | Reached skill level 5 in Armour
  3788 | D:4      | Reached XP level 7. HP: 32/44 MP: 7/7
  3872 | D:4      | Found a staircase to the Ecumenical Temple.
  4113 | D:5      | Entered Level 5 of the Dungeon
  4116 | D:5      | Identified the +6 great mace of Nazyiq {flame, *Rage rPois
                  | Str-3 Int+8}
  4118 | D:5      | Noticed mkat's ghost (novice BaGl)
  4449 | D:5      | HP: 1/66 [iguana (11)]
  4451 | D:5      | Slain by an iguana

Illustrated notes

Levels and vault maps discovered:
D:1:      dpeg_arrival_rooms_a, layout_rooms, serial_shops,
          nicolae_lakefront_shop, grunt_decor_junction
D:2:      layout_loops_ring
D:3:      minmay_skewed_foursquare, layout_loops_ring, uniq_robin
D:4:      layout_loops_ring, mainiacjoe_overflow_tiny_flanked,
          minmay_temple_entry_wispy
D:5:      layout_rooms, old_standard_altar, gammafunk_ghost_smash

Skill      XL: |  1  2  3  4  5  6  7 |
---------------+----------------------+-----
Armour         | 3 4 5 |  5.5
Dodging        | 2 3 |  3.1
Maces & Flails | 4 5 |  5.4
Fighting       | 4 |  4.8

Action                   |  1- 3 |  4- 6 |  7- 9 || total
-------------------------+-------+-------+-------++-------
Melee: Mace              |   151 |   265 |    40 ||   456
       Punch             |     2 |     2 |     1 ||     5
Invok: Berserk           |     1 |     2 |     2 ||     5
  Use: Scroll            |       |       |     5 ||     5
Armor: Leather armour    |    89 |   105 |    15 ||   209
Dodge: Dodged            |   146 |   195 |    22 ||   363
